 Dungeon Crawl Stone Soup version 0.32-a0-898-g7811c86cf0 (webtiles) character file.

Game seed: 6822841516017415165

61 Biggs the Shooter (level 4, -3/33 HPs)
             Began as a Coglin Hunter on Apr 4, 2024.
             Slain by a gnoll sergeant
             ... wielding a +0 trident
              (6 damage)
             ... on level 3 of the Dungeon.
             The game lasted 00:01:22 (1135 turns).

Biggs the Shooter (Coglin Hunter)                   Turns: 1135, Time: 00:01:23

Health: -3/33      AC:  3    Str: 11    XL:     4   Next: 7%
Magic:  4/4        EV: 11    Int:  8    God:
Gold:   141        SH:  0    Dex: 20    Spells: 3/3 levels left

rFire   . . .        a - +2 sling {Wenzel}
rCold   . . .        d - +0 sling {Ai}
rNeg    . . .        c - +0 leather armour
rPois   .            (no helmet)
rElec   .            (no cloak)
rCorr   .            (no gloves)
SInv    .            (no boots)
Will    .....        (amulet unavailable)
Stlth   ++           (ring unavailable)
HPRegen 0.25/turn    (ring unavailable)
MPRegen 0.09/turn    (no gizmo)

%: no passive effects
@: revved
A: off-hand wielding, slow wielding, warmup strikes, no jewellery
a: Invent Gizmo


You were on level 3 of the Dungeon.
You visited 1 branch of the dungeon, and saw 3 of its levels.

You collected 141 gold pieces.

Inventory:

Hand Weapons
 a - a +2 sling (weapon) {Wenzel}
 d - a +0 sling (offhand) {Ai}
Armour
 c - a +0 leather armour (worn)
Scrolls
 b - a scroll of butterflies
 e - 2 scrolls of teleportation {unknown}
 g - 2 scrolls of identify {unknown}
 j - a scroll of noise {unknown}
 k - a scroll of fear {unknown}
 l - a scroll of fog {unknown}
Potions
 f - 5 potions of curing {unknown}
 h - a potion of degeneration {unknown}
 i - a potion of heal wounds {unknown}


   Skills:
 - Level 2.0 Fighting
 + Level 5.0 Ranged Weapons
 - Level 1.7 Dodging
 - Level 0.7 Stealth


You had 3 spell levels left.
You didn't know any spells.
Your spell library was empty.

Dungeon Overview and Level Annotations

Branches:
Dungeon (3/15)

Altars:
Ashenzari


Innate Abilities, Weirdness & Mutations

You can wield a second weapon in your off-hand.
It takes a long time for you to wield or remove held weapons.
Your first few attacks do less damage.
You cannot equip rings or amulets.


Message History

The sling bullet hits the gnoll sergeant.
The gnoll sergeant is heavily wounded.
You shoot a sling bullet.
The sling bullet closely misses the gnoll sergeant.
The sling bullet hits the gnoll.
The gnoll is heavily wounded.
The gnoll sergeant closely misses you.
You shoot a sling bullet.
The sling bullet hits the gnoll sergeant but does no damage.
The gnoll sergeant is heavily wounded.
You shoot a sling bullet.
The sling bullet closely misses the gnoll sergeant.
The sling bullet closely misses the gnoll.
The sling bullet barely misses the gnoll.
The gnoll sergeant hits you from afar with a +0 trident.
Unknown command.
You shoot a sling bullet.
The sling bullet hits the gnoll sergeant.
The gnoll sergeant is heavily wounded.
You shoot a sling bullet.
The sling bullet barely misses the gnoll sergeant.
A gnoll comes into view. It is wielding a +0 club.
The gnoll hits you from afar with a +0 spear.
The gnoll sergeant hits you from afar with a +0 trident.
You shoot a sling bullet.
The sling bullet hits the gnoll sergeant but does no damage.
The gnoll sergeant is heavily wounded.
You shoot a sling bullet.
The gnoll sergeant blocks the sling bullet.
The gnoll barely misses you.
The gnoll sergeant hits you but does no damage.
A ball python comes into view.
The gnoll hits you from afar with a +0 spear!
The gnoll sergeant hits you from afar with a +0 trident!
* * * LOW HITPOINT WARNING * * *
Unknown command.
You can't go down here!
Unknown command.
The gnoll sergeant hits you from afar with a +0 trident.
You die...

# #.# . ..
S...#g#######.#
.....gg@......#
.....g#########
.#... #.. #< #


You could see a gnoll sergeant, 3 gnolls and a ball python (wandering).

Vanquished Creatures
  An adder (D:2)
  2 ribbon worms (D:2)
  3 dart slugs
  4 bats (D:1)
  3 endoplasms
  4 goblins
  A hobgoblin (D:2)
  8 ball pythons
  4 frilled lizards
  9 kobolds
  4 rats (D:1)
43 creatures vanquished.

Notes
Turn   | Place    | Note
-------+----------+-------------------------------------------
     0 | D:1      | Biggs the Coglin Hunter began the quest for the Orb.
     0 | D:1      | Reached XP level 1. HP: 16/16 MP: 1/1
    92 | D:1      | Reached skill level 4 in Ranged Weapons
    92 | D:1      | Reached XP level 2. HP: 22/22 MP: 2/2
   395 | D:1      | Reached XP level 3. HP: 27/27 MP: 3/3
   633 | D:2      | Found a broken altar of Ashenzari.
   861 | D:2      | Reached skill level 5 in Ranged Weapons
   861 | D:2      | Reached XP level 4. HP: 33/33 MP: 4/4
  1129 | D:3      | Noticed a gnoll sergeant
  1135 | D:3      | Slain by a gnoll sergeant

Illustrated notes

Levels and vault maps discovered:
D:1:      roderic_crossed_star, layout_loops_ring
D:2:      layout_loops_cross, basic_altar
D:3:      layout_rooms, lemuel_coloured_pillars_altar,
          nzn_overflow_gifts_of_might_and_magic,
          minmay_fractal_squares_diagonal_5

Skill      XL: |  1  2  3 |
---------------+----------+-----
Ranged Weapons | 4 5 |  5.0
Fighting       | |  2.0
Dodging        | |  1.7
Stealth        | |  0.7

Action                     |  1- 3 |  4- 6 || total
---------------------------+-------+-------++-------
   Fire: Sling             |   132 |    30 ||   162
 Armour: Leather armour    |     4 |    12 ||    16
  Dodge: Dodged            |     6 |     4 ||    10

Table legend: (Time is in decaauts)
 A = Elapsed time spent in this place.
 B = Non-inter-level travel time spent in this place.
 C = Inter-level travel time spent in this place.
 D = Time resting spent in this place.
 E = Time spent auto-exploring this place.
 F = Levels seen in this place.
 G = Mean time per level.
                   A        B        C        D        E       F      G
               +--------+--------+--------+--------+--------+-----+--------+
         Total |   1151 |   1101 |     50 |      0 |    929 |   3 |  383.7 |
       Dungeon |   1151 |   1101 |     50 |      0 |    929 |   3 |  383.7 |
               +--------+--------+--------+--------+--------+-----+--------+

Top non-repeatable levels by time:
     D:2: 650 daAuts
     D:1: 494 daAuts
     D:3: 6 daAuts
